AoeStats
← Masolas

Lombardia

509618140Analyzed
4v4 RM · 5d ago on Sep 27, 2026· 56m 56s· 8 players
Game mode
Random Map
Map size
Large (8 player)
Population
200
Speed
Normal
Resources
Standard
Victory
Conquest
Starting age
Dark Age
Ending age
Imperial Age
RankedLock teamsTeams togetherTeam positionsShared explorationLock speedFull tech treeHidden civsTurbo modeCheats
Victory
Defeat
🇫🇷 Tatars · France
968
+16
🇨🇦 Saxons · Canada
959
+17
🇩🇪 Magyars · Germany
931
+18
🇹🇷 Britons · Türkiye
919
+53
🇧🇷 Franks · Brazil
1009
-19
🇨🇳 Hindustanis · China
1004
-19
🇦🇷 Lithuanians · Argentina
995
-18
🇪🇸 Goths · Spain
880
-13
Masolas
9:43 Feudal Age
9:16 Loom
19:56 Double-Bit Axe
19:53 Horse Collar
25:57 Castle Age
26:26 Fletching
28:39 Town Watch
30:06 Heavy Plow
30:17 Bow Saw
30:07 Bodkin Arrow
31:02 Fortified Wall
31:18 Guard Tower
31:30 Guard Tower
32:48 Town Patrol
34:04 Padded Archer Armor
36:43 Leather Archer Armor
37:17 Ballistics
38:13 Masonry
38:10 Crossbowman
40:05 Wheelbarrow
39:29 Murder Holes
39:55 Scale Barding Armor
40:03 Forging
41:21 Chain Barding Armor
41:21 Thumb Ring
42:27 Hand Cart
44:55 Sanctity
48:09 Imperial Age
46:38 Clerical Recruitment
47:31 Pikeman
48:12 Squires
48:54 Gold Mining
48:57 Stone Mining
49:45 Keep
49:41 Architecture
50:12 Chemistry
49:16 Bracer
49:47 Ring Archer Armor
49:52 Iron Casting
49:22 Scale Mail Armor
49:19 Arbalester
50:33 Block Printing
51:10 Theocracy
51:01 Illumination
51:14 Conscription
50:17 Shield Wall
51:05 Halberdier
ColdMan1
13:44 Feudal Age
15:07 Wheelbarrow
15:06 Horse Collar
15:42 Double-Bit Axe
19:35 Gold Mining
19:38 Stone Mining
37:33 Castle Age
36:44 Forging
38:32 Hand Cart
38:22 Heavy Plow
39:24 Gold Shaft Mining
39:18 Crossbowman
40:56 Bow Saw
43:22 Fletching
44:08 Iron Casting
43:34 Padded Archer Armor
43:35 Scale Mail Armor
44:12 Squires
43:32 Pikeman
48:12 Bodkin Arrow
48:32 Leather Archer Armor
48:34 Chain Mail Armor
49:25 Caravan
56:52 Imperial Age
Mistăr
0:34 Loom
11:43 Feudal Age
13:11 Horse Collar
13:18 Double-Bit Axe
21:06 Castle Age
19:51 Stone Mining
19:59 Gold Mining
20:20 Scale Barding Armor
20:07 Fletching
21:13 Bloodlines
21:35 Arson
25:00 Bow Saw
27:54 Corvinian Army
27:41 Town Watch
28:19 Pikeman
31:25 Scale Mail Armor
33:40 Husbandry
37:04 Imperial Age
35:29 Wheelbarrow
36:33 Heavy Plow
37:56 Chain Barding Armor
37:32 Bodkin Arrow
38:00 Ballistics
38:55 Conscription
38:23 Treadmill Crane
41:00 Parthian Tactics
41:29 Bracer
42:05 Plate Barding Armor
42:58 Two-Man Saw
43:36 Hand Cart
43:51 Thumb Ring
45:09 Chemistry
44:43 Heavy Cavalry Archer
45:42 Recurve Bow
47:26 Crop Rotation
47:16 Chain Mail Armor
47:11 Elite Magyar Huszar
47:46 Sappers
48:32 Elite Skirmisher
51:29 Murder Holes
51:45 Halberdier
56:40 Padded Archer Armor
56:47 Siege Engineers
56:52 Masonry
[CH-FR]Frog
10:51 Feudal Age
13:25 Bloodlines
16:29 Forging
24:09 Wheelbarrow
23:54 Double-Bit Axe
28:05 Castle Age
28:55 Husbandry
29:22 Husbandry
30:35 Bow Saw
32:47 Scale Barding Armor
33:15 Gold Mining
36:33 Stone Mining
37:23 Hand Cart
36:49 Light Cavalry
37:37 Fletching
41:04 Chain Barding Armor
43:07 Horse Collar
44:51 Heavy Plow
46:44 Ballistics
47:28 Silk Armor
50:28 Bodkin Arrow
50:35 Padded Archer Armor
52:47 Iron Casting
53:01 Leather Archer Armor
56:00 Treadmill Crane
56:17 Murder Holes
56:33 Masonry
MrSebastianny
9:53 Loom
11:39 Feudal Age
12:41 Double-Bit Axe
12:39 Horse Collar
14:36 Man-at-Arms
16:18 Forging
17:10 Scale Mail Armor
27:26 Castle Age
29:18 Wheelbarrow
28:12 Long Swordsman
28:13 Pikeman
29:11 Fletching
36:07 Hand Cart
38:13 Elite Skirmisher
40:15 Iron Casting
39:36 Bodkin Arrow
39:41 Padded Archer Armor
41:24 Anarchy
42:01 Heavy Plow
42:16 Bow Saw
42:01 Gold Mining
42:08 Stone Mining
42:58 Ballistics
49:54 Imperial Age
51:15 Crop Rotation
50:48 Perfusion
52:18 Chain Mail Armor
53:03 Blast Furnace
52:04 Bracer
52:19 Leather Archer Armor
52:21 Masonry
53:19 Conscription
55:36 Chemistry
Knight_Cassian
2:35 Loom
11:07 Feudal Age
11:38 Double-Bit Axe
19:00 Castle Age
18:01 Scale Barding Armor
23:39 Forging
23:56 Gold Mining
26:39 Wheelbarrow
30:26 Iron Casting
33:20 Chain Barding Armor
34:19 Stone Mining
34:50 Hand Cart
40:58 Imperial Age
38:49 Husbandry
41:41 Gold Shaft Mining
41:01 Cavalier
42:24 Plate Barding Armor
42:55 Blast Furnace
42:45 Paladin
44:22 Chivalry
49:41 Scale Mail Armor
52:56 Chain Mail Armor
54:05 Pikeman
54:45 Squires
54:31 Arson
55:06 Halberdier
55:32 Elite Throwing Axeman
Mihuaaa
3:44 Loom
10:59 Feudal Age
17:21 Castle Age
18:04 Bloodlines
18:49 Husbandry
20:54 Horse Collar
25:09 Scale Barding Armor
25:16 Forging
26:37 Wheelbarrow
27:33 Double-Bit Axe
29:23 Town Watch
31:11 Hand Cart
31:08 Bow Saw
30:58 Heavy Plow
32:05 Squires
31:25 Pikeman
34:53 Imperial Age
32:57 Scale Mail Armor
32:44 Arson
34:45 Gold Mining
36:55 Chemistry
38:05 Elite Skirmisher
38:36 Halberdier
40:31 Chain Mail Armor
40:52 Iron Casting
43:53 Tower Shields
44:15 Conscription
45:52 Light Cavalry
50:08 Two-Man Saw
49:40 Crop Rotation
50:44 Thumb Ring
50:31 Fletching
52:41 Padded Archer Armor
52:37 Bodkin Arrow
53:08 Ballistics
TaiwanIsChina's
5:32 Loom
12:11 Feudal Age
13:15 Double-Bit Axe
Connection lost

Rejoining the realm…

Still unreachable

The connection could not be restored.

Session expired

The server has moved on; the page needs a fresh start.